 Dungeon Crawl Stone Soup version 0.29.0-4-gdea44cf6ec (webtiles) character file.

Game seed: 11245519817475714943

2236 qw the Cleaver (level 9, -6/79 HPs)
             Began as a Minotaur Berserker on Sept 6, 2022.
             Was a Priest of Trog.
             Killed from afar by an electric eel (12 damage)
             ... with a bolt of electricity
             ... on level 6 of the Dungeon.
             The game lasted 00:02:14 (7426 turns).

qw the Cleaver (Minotaur Berserker)                 Turns: 7426, Time: 00:02:15

Health: -6/79      AC: 10    Str: 24    XL:     9   Next: 14%
Magic:  8/8        EV:  8    Int:  8    God:    Trog [***...]
Gold:   105        SH:  4    Dex: 10    Spells: 8/8 levels left

rFire   . . .      SeeInvis .   j - +4 war axe
rCold   . . .      Faith    .   h - +0 buckler
rNeg    . . .      Spirit   .   f - +0 chain mail
rPois   .          Reflect  .   (helmet restricted)
rElec   .          Harm     .   (no cloak)
rCorr   .          Rampage  .   (no gloves)
Will    +....                   d - +0 pair of boots
Stlth   ..........              (no amulet)
HPRegen 0.23/turn               (no ring)
MPRegen 0.11/turn               (no ring)

@: no status effects
A: horns 2, retaliatory headbutt, clever 1, strong-willed 1, wild magic 1
a: Renounce Religion, Berserk, Trog's Hand


You were on level 6 of the Dungeon.
You worshipped Trog.
Trog was most pleased with you.
You visited 1 branch of the dungeon, and saw 6 of its levels.

You collected 399 gold pieces.
You spent 294 gold pieces at shops.


Innate Abilities, Weirdness & Mutations

You have a pair of horns on your head.
You reflexively headbutt those who attack you in melee.
Your mind is acute. (Int +4, Str/Dex -1)
You are strong-willed. (Will+)
Your spells are a little harder to cast, but a little more powerful.


   Skills:
 - Level 7.3 Fighting
 + Level 12.0 Axes
 - Level 2.0 Throwing
 - Level 4.2 Armour
 - Level 2.1 Dodging
 - Level 4.0 Shields


You had 8 spell levels left.
You didn't know any spells.
Your spell library was empty.

Inventory:

Hand Weapons
 b - a +0 flail
 j - a +4 war axe (weapon)
Missiles
 e - 3 boomerangs
 l - a silver boomerang (quivered)
 p - 6 boomerangs of dispersal
Armour
 d - a +0 pair of boots (worn)
 f - a +0 chain mail (worn)
 h - a +0 buckler (worn)
Scrolls
 i - 2 scrolls of teleportation
 n - a scroll of identify
Potions
 a - a potion of haste
 c - 2 potions of curing
 g - a potion of invisibility {unknown}
 k - a potion of cancellation
 m - 5 potions of heal wounds
 o - a potion of mutation

Dungeon Overview and Level Annotations

Branches:
Dungeon (6/15)
 Temple: D:4-7

Altars:
Ashenzari
Dithmenos
Zin

Shops:
D:4 !


Message History

Enter note:
Enter note:
Enter note:
Enter note:
Enter note:
Enter note: The electric eel shoots out a bolt of lightning at you!
The bolt of electricity hits you!
7395 ||| FLEEEEING.
7399 ||| FLEEEEING.
The electric eel shoots out a bolt of lightning at you!
The bolt of electricity hits you!
7401 ||| FLEEEEING.
7403 ||| FLEEEEING.
The electric eel shoots out a bolt of lightning at you!
The bolt of electricity hits you!
7405 ||| FLEEEEING.
7407 ||| FLEEEEING.
7409 ||| FLEEEEING.
The electric eel shoots out a bolt of lightning at you!
The bolt of electricity misses you. x2
7411 ||| FLEEEEING.
The electric eel shoots out a bolt of lightning at you!
The bolt of electricity hits you!
7413 ||| FLEEEEING.
7415 ||| FLEEEEING.
7417 ||| FLEEEEING.
The electric eel shoots out a bolt of lightning at you!
The bolt of electricity hits you. The bolt of electricity hits you!
7419 ||| FLEEEEING.
7421 ||| FLEEEEING.
The electric eel shoots out a bolt of lightning at you!
The bolt of electricity hits you! x2
7423 ||| FLEEEEING.
The electric eel shoots out a bolt of lightning at you!
The bolt of electricity hits you!
7425 ||| FLEEEEING.
The electric eel shoots out a bolt of lightning at you!
The bolt of electricity misses you. The bolt of electricity hits you!
You die...

..........~~~~#~~~~.............#
....###...~#~~~~#~~~............#
##....###.~~~#~~~~#~............#
......#..~~~~#~~~~............#
#.. ......~#S~~~#~~~......##....
#.## #....~~~#~~~~#~.....###....
...#####.#..~~~~#~~~~.....##..##.
.........##.~#~~~~........##%.##.
...>.....##.~~~.@.........%..###.
....##...##.....##...........##..
###...##.#...........####........
# ##.<..........####.#.........##
# ##..........## #........#...##
## ###...#......##.##......###...
.###).##..........# ##....## ##..
....####.....####.# #....## ##.
...## #.###.####.## #.....# ##.


You could see an electric eel.

Vanquished Creatures
  Pikel (D:5)
  2 ice beasts (D:5)
  2 black bears
  An ogre (D:5)
  3 phantoms
  2 lemures (D:5)
  A bullfrog (D:5)
  5 scorpions
  3 wights (D:6)
  A howler monkey (D:5)
  4 hounds
  A jelly (D:6)
  An orc priest (D:6)
  3 iguanas
  Natasha (thrice) (D:3)
  2 orc wizards (D:6)
  4 gnolls (D:3)
  4 adders
  A shadow imp (D:6)
  A white imp (D:6)
  3 worms
  6 dart slugs
  16 orcs
  5 ball pythons
  6 endoplasms
  5 giant cockroaches
  10 goblins
  4 hobgoblins
  10 jackals
  8 kobolds
  5 quokkas
  11 bats
  3 frilled lizards
  A rat (D:1)
138 creatures vanquished.

Vanquished Creatures (others)
  A fungus (D:2)
  2 plants (D:2)
3 creatures vanquished.

Grand Total: 141 creatures vanquished

Notes
Turn   | Place    | Note
-------+----------+-------------------------------------------
     0 | D:1      | qw the Minotaur Berserker began the quest for the Orb.
     0 | D:1      | Reached XP level 1. HP: 19/19 MP: 0/0
     0 | D:1      | 0 ||| qw: Version: 0.1-a-107-g9ff403c
     0 | D:1      | 0 ||| qw: Game counter: 6171
     0 | D:1      | 0 ||| qw: Always use a shield: true
     0 | D:1      | 0 ||| qw: Do Orc after D:15 true
     0 | D:1      | 0 ||| qw: Do second Lair branch before Depths: true
     0 | D:1      | 0 ||| qw: Lair rune preference: random
     0 | D:1      | 0 ||| qw: Plans: Normal
     0 | D:1      | 0 ||| PLANNING D:1-11
    71 | D:1      | 71 ||| Stepping ~*~*~tactically~*~*~ (hiding).
   173 | D:1      | 173 ||| Stepping ~*~*~tactically~*~*~ (hiding).
   174 | D:1      | 174 ||| Stepping ~*~*~tactically~*~*~ (hiding).
   178 | D:1      | Reached skill level 4 in Axes
   199 | D:1      | 199 ||| Stepping ~*~*~tactically~*~*~ (hiding).
   210 | D:1      | Reached XP level 2. HP: 21/26 MP: 1/1
   693 | D:1      | Reached skill level 5 in Axes
   821 | D:1      | Reached ** piety under Trog
   894 | D:1      | Reached XP level 3. HP: 31/31 MP: 2/2
  1158 | D:1      | You fall into a shaft and drop 1 floor!
  1161 | D:2      | 1161 ||| Stepping ~*~*~tactically~*~*~ (stealth).
  1280 | D:2      | 1280 ||| Stepping ~*~*~tactically~*~*~ (stealth).
  1295 | D:2      | 1295 ||| Stepping ~*~*~tactically~*~*~ (stealth).
  1296 | D:2      | 1296 ||| Stepping ~*~*~tactically~*~*~ (stealth).
  1401 | D:2      | 1401 ||| DROPPING orb of mayhem.
  1402 | D:2      | 1402 ||| UPGRADING to +0 leather armour.
  1412 | D:2      | 1412 ||| DROPPING +0 animal skin.
  1413 | D:2      | 1413 ||| UPGRADING to +0 buckler.
  1418 | D:2      | 1418 ||| READING scroll labelled WILUGA TOKHLAK.
  1419 | D:2      | 1419 ||| READING scroll labelled ZELOQ GACLI.
  1564 | D:2      | 1564 ||| Stepping ~*~*~tactically~*~*~ (stealth).
  1565 | D:2      | 1565 ||| Stepping ~*~*~tactically~*~*~ (stealth).
  1571 | D:2      | 1571 ||| INVOKING Berserk.
  1574 | D:2      | Reached skill level 1 in Shields
  1931 | D:2      | Found a faded altar of an unknown god.
  1943 | D:2      | Reached skill level 1 in Throwing
  2130 | D:2      | 2130 ||| INVOKING Berserk.
  2309 | D:2      | 2309 ||| READING scroll labelled WERCHU LAODYI.
  2310 | D:2      | 2310 ||| READING scroll labelled QEXTAIDEJA.
  2315 | D:2      | 2315 ||| READING scroll labelled OTAFREN EGEURI.
  2448 | D:2      | 2448 ||| READING scroll labelled CIMOBR SOOPT.
  2449 | D:2      | 2449 ||| READING scroll labelled VUPOH KETIDOSCH.
  2450 | D:2      | 2450 ||| DRINKING 2 amethyst potions.
  2480 | D:2      | 2480 ||| DROPPING potion of lignification.
  2517 | D:3      | 2517 ||| STAIRDANCE
  2522 | D:3      | 2522 ||| STAIRDANCE
  2527 | D:2      | Reached XP level 4. HP: 35/39 MP: 3/3
  2554 | D:3      | 2554 ||| STAIRDANCE
  2576 | D:3      | 2576 ||| Stepping ~*~*~tactically~*~*~ (hiding).
  2870 | D:3      | 2870 ||| Stepping ~*~*~tactically~*~*~ (stealth).
  2873 | D:3      | 2873 ||| Stepping ~*~*~tactically~*~*~ (stealth).
  2875 | D:3      | 2875 ||| INVOKING Berserk.
  2879 | D:3      | Reached skill level 6 in Axes
  3034 | D:3      | 3034 ||| DROPPING +0 whip.
  3179 | D:3      | Found a shadowy altar of Dithmenos.
  3197 | D:3      | Noticed Natasha
  3198 | D:3      | 3198 ||| INVOKING Berserk.
  3201 | D:3      | Killed Natasha
  3202 | D:3      | Reached XP level 5. HP: 45/45 MP: 4/4
  3383 | D:3      | Noticed Natasha
  3386 | D:3      | 3386 ||| INVOKING Berserk.
  3389 | D:3      | Killed Natasha
  3460 | D:3      | Noticed Natasha
  3464 | D:3      | 3464 ||| INVOKING Berserk.
  3465 | D:3      | Killed Natasha
  3614 | D:3      | 3614 ||| UPGRADING to +0 ring mail.
  3624 | D:3      | 3624 ||| UPGRADING to +0 pair of boots.
  3629 | D:3      | 3629 ||| DROPPING +0 leather armour.
  3630 | D:3      | 3630 ||| READING scroll labelled YTHRYE JIES.
  3631 | D:3      | 3631 ||| READING scroll labelled PUKHESH JYGO.
  3632 | D:3      | 3632 ||| DRINKING 2 golden potions.
  3632 | D:3      | Gained mutation: You are strong-willed. (Will+) [potion of
                  | mutation]
  3632 | D:3      | Gained mutation: Your mind is acute. (Int +4, Str/Dex -1)
                  | [potion of mutation]
  3632 | D:3      | Gained mutation: Your spells are a little harder to cast,
                  | but a little more powerful. [potion of mutation]
  3633 | D:3      | 3633 ||| READING 2 scrolls of identify.
  3633 | D:3      | 3633 ||| IDENTIFYING ruby potion
  3634 | D:3      | 3634 ||| DROPPING potion of ambrosia.
  3635 | D:3      | 3635 ||| DROPPING potion of brilliance.
  3666 | D:4      | Reached skill level 7 in Axes
  3674 | D:4      | Noticed a phantom
  3675 | D:4      | 3675 ||| Stepping ~*~*~tactically~*~*~ (stealth).
  3685 | D:4      | Killed a phantom
  3686 | D:4      | Reached XP level 6. HP: 53/53 MP: 5/5
  3695 | D:4      | 3695 ||| Stepping ~*~*~tactically~*~*~ (stealth).
  3981 | D:4      | 3981 ||| INVOKING Berserk.
  3983 | D:4      | Reached skill level 8 in Axes
  4249 | D:4      | Found Nyan's Distillery.
  4259 | D:4      | 4259 ||| BUYING potion of cancellation (112 gold).
  4259 | D:4      | Bought a potion of cancellation for 112 gold pieces
  4259 | D:4      | 4259 ||| BUYING potion of curing (42 gold).
  4259 | D:4      | Bought a potion of curing for 42 gold pieces
  4259 | D:4      | 4259 ||| BUYING potion of heal wounds (70 gold).
  4259 | D:4      | Bought a potion of heal wounds for 70 gold pieces
  4259 | D:4      | 4259 ||| BUYING potion of heal wounds (70 gold).
  4259 | D:4      | Bought a potion of heal wounds for 70 gold pieces
  4259 | D:4      | 4259 ||| SHOPLISTING potion of heal wounds (70 gold, have
                  | 25).
  4259 | D:4      | 4259 ||| SHOPLISTING potion of mutation (112 gold, have
                  | 25).
  4351 | D:4      | 4351 ||| UPGRADING to +0 scale mail.
  4361 | D:4      | 4361 ||| DROPPING +0 ring mail.
  4362 | D:4      | 4362 ||| READING 4 scrolls labelled NAESUU GORYEHOTO.
  4363 | D:4      | 4363 ||| DRINKING 2 white potions.
  4364 | D:4      | 4364 ||| DROPPING 3 scrolls of fear.
  4365 | D:4      | 4365 ||| DROPPING potion of flight.
  4378 | D:5      | Entered Level 5 of the Dungeon
  4445 | D:5      | Noticed Pikel
  4446 | D:5      | 4446 ||| Stepping ~*~*~tactically~*~*~ (stealth).
  4447 | D:5      | 4447 ||| Stepping ~*~*~tactically~*~*~ (stealth).
  4450 | D:5      | 4450 ||| INVOKING Berserk.
  4463 | D:5      | Killed Pikel
  4464 | D:5      | Reached skill level 10 in Axes
  4464 | D:5      | Reached XP level 7. HP: 44/60 MP: 6/6
  4618 | D:5      | 4618 ||| Stepping ~*~*~tactically~*~*~ (stealth).
  4656 | D:5      | Reached *** piety under Trog
  4785 | D:5      | Reached skill level 3 in Shields
  4785 | D:5      | Reached XP level 8. HP: 59/67 MP: 7/7
  4838 | D:5      | Found a broken altar of Ashenzari.
  4877 | D:5      | 4877 ||| Stepping ~*~*~tactically~*~*~ (stealth).
  4884 | D:5      | 4884 ||| Stepping ~*~*~tactically~*~*~ (stealth).
  4942 | D:5      | 4942 ||| Stepping ~*~*~tactically~*~*~ (stealth).
  5122 | D:5      | Found a glowing silver altar of Zin.
  5147 | D:5      | 5147 ||| Stepping ~*~*~tactically~*~*~ (stealth).
  5148 | D:5      | 5148 ||| Stepping ~*~*~tactically~*~*~ (stealth).
  5257 | D:5      | 5257 ||| Stepping ~*~*~tactically~*~*~ (stealth).
  5493 | D:5      | Reached skill level 6 in Fighting
  5591 | D:5      | Reached skill level 11 in Axes
  6014 | D:5      | 6014 ||| UPGRADING to +0 chain mail.
  6025 | D:5      | 6025 ||| INVOKING Berserk.
  6028 | D:5      | Reached skill level 3 in Armour
  6054 | D:5      | 6054 ||| FLEEEEING.
  6064 | D:5      | 6064 ||| DROPPING +0 scale mail.
  6069 | D:5      | 6069 ||| READING scroll labelled ANOATE JEGU.
  6070 | D:5      | 6070 ||| READING 2 scrolls of identify.
  6070 | D:5      | 6070 ||| IDENTIFYING black potion
  6095 | D:6      | 6095 ||| INVOKING Berserk.
  6207 | D:6      | 6207 ||| FLEEEEING.
  6208 | D:6      | 6208 ||| FLEEEEING.
  6209 | D:6      | 6209 ||| FLEEEEING.
  6212 | D:6      | 6212 ||| STAIRDANCE
  6373 | D:6      | 6373 ||| Stepping ~*~*~tactically~*~*~ (stealth).
  6374 | D:6      | 6374 ||| Stepping ~*~*~tactically~*~*~ (stealth).
  6375 | D:6      | 6375 ||| Stepping ~*~*~tactically~*~*~ (stealth).
  6377 | D:6      | 6377 ||| Stepping ~*~*~tactically~*~*~ (stealth).
  6404 | D:6      | 6404 ||| Stepping ~*~*~tactically~*~*~ (stealth).
  6408 | D:6      | 6408 ||| Stepping ~*~*~tactically~*~*~ (stealth).
  6428 | D:6      | 6428 ||| FLEEEEING.
  6429 | D:6      | 6429 ||| FLEEEEING.
  6430 | D:6      | 6430 ||| FLEEEEING.
  6431 | D:6      | 6431 ||| FLEEEEING.
  6432 | D:6      | 6432 ||| FLEEEEING.
  6433 | D:6      | 6433 ||| FLEEEEING.
  6434 | D:6      | 6434 ||| FLEEEEING.
  6435 | D:6      | 6435 ||| FLEEEEING.
  6436 | D:6      | 6436 ||| STAIRDANCE
  6526 | D:6      | 6526 ||| INVOKING Berserk.
  6529 | D:6      | 6529 ||| STAIRDANCE
  6713 | D:6      | 6713 ||| SWAPPING to +4 war axe.
  6714 | D:6      | 6714 ||| DROPPING +1 hand axe.
  6854 | D:6      | Reached skill level 12 in Axes
  6879 | D:6      | 6879 ||| Stepping ~*~*~tactically~*~*~ (stealth).
  6880 | D:6      | 6880 ||| Stepping ~*~*~tactically~*~*~ (stealth).
  6882 | D:6      | 6882 ||| Stepping ~*~*~tactically~*~*~ (hiding).
  6889 | D:6      | 6889 ||| INVOKING Berserk.
  6893 | D:6      | Reached XP level 9. HP: 75/75 MP: 8/8
  7184 | D:6      | 7184 ||| Stepping ~*~*~tactically~*~*~ (stealth).
  7193 | D:6      | 7193 ||| INVOKING Berserk.
  7395 | D:6      | 7395 ||| FLEEEEING.
  7399 | D:6      | 7399 ||| FLEEEEING.
  7401 | D:6      | 7401 ||| FLEEEEING.
  7403 | D:6      | 7403 ||| FLEEEEING.
  7405 | D:6      | 7405 ||| FLEEEEING.
  7407 | D:6      | 7407 ||| FLEEEEING.
  7409 | D:6      | 7409 ||| FLEEEEING.
  7411 | D:6      | 7411 ||| FLEEEEING.
  7413 | D:6      | 7413 ||| FLEEEEING.
  7415 | D:6      | 7415 ||| FLEEEEING.
  7417 | D:6      | 7417 ||| FLEEEEING.
  7419 | D:6      | 7419 ||| FLEEEEING.
  7421 | D:6      | 7421 ||| FLEEEEING.
  7422 | D:6      | HP: 13/79 [electric eel/bolt of electricity (11)]
  7423 | D:6      | 7423 ||| FLEEEEING.
  7424 | D:6      | HP: 6/79 [electric eel/bolt of electricity (8)]
  7425 | D:6      | 7425 ||| FLEEEEING.
  7426 | D:6      | Killed from afar by an electric eel

Levels and vault maps discovered:
D:1:      nzn_arrival_depleted_hourglass, layout_basic
D:2:      layout_rooms, dreamdust_ecumenical_altar_grove, minmay_ruptured
D:3:      layout_basic, nicolae_dithmenos_the_darkroom, uniq_natasha
D:4:      layout_cave_pools, serial_shops, nicolae_shop_crystal,
          grunt_decor_one_mirror
D:5:      minmay_skewed_foursquare, layout_basic, mainiacjoe_overflow_24_doors,
          zin_academy, uniq_pikel
D:6:      layout_layer_cave, palyth_stone_intersect, kennysheep_doodads,
          nicolae_lava_and_water, kennysheep_generic_room_16

Skill      XL: |  1  2  3  4  5  6  7  8  9 |
---------------+----------------------------+-----
Axes           | 4 5 6 7 10 12 | 12.0
Shields        | 1 2 3 4 |  4.0
Throwing       | 1 2 |  2.0
Fighting       | 4 6 7 |  7.3
Armour         | 4 |  4.2
Dodging        | |  2.1

Action                   |  1- 3 |  4- 6 |  7- 9 || total
-------------------------+-------+-------+-------++-------
Melee: Hand axe          |    88 |   101 |   128 ||   317
       Headbutt          |    13 |    11 |    32 ||    56
       Punch             |     1 |       |       ||     1
       War axe           |       |       |    30 ||    30
Throw: Javelin           |     5 |    13 |    20 ||    38
       Boomerang         |       |       |    13 ||    13
Invok: Berserk           |     2 |     6 |     5 ||    13
  Use: Scroll            |     7 |     4 |     2 ||    13
       Potion            |     1 |     2 |       ||     3
Armor: Animal skin       |    12 |       |       ||    12
       Leather armour    |     9 |     5 |       ||    14
       Ring mail         |       |    10 |       ||    10
       Scale mail        |       |     5 |    29 ||    34
       Chain mail        |       |       |    12 ||    12
Dodge: Dodged            |    44 |    54 |    38 ||   136
Block: Buckler           |     3 |    15 |    20 ||    38

Table legend:
 A = Non-vault XP
 B = Vault XP
 C = Vault XP percentage of total XP
 D = Non-vault monster count
 E = Vault monster count
 F = Vault count percentage of total count
                 A         B        C        D         E       F
            +---------+---------+-------+---------+---------+-------
      Total |    2064 |    1131 |  35.4 |     121 |      15 |  11.0
            +---------+---------+-------+---------+---------+-------
        D:1 |      44 |       0 |   0.0 |      25 |       0 |   0.0
        D:2 |      49 |       8 |  14.0 |      20 |       3 |  13.0
        D:3 |     151 |      35 |  18.8 |      19 |       1 |   5.0
        D:4 |     390 |       0 |   0.0 |      19 |       0 |   0.0
        D:5 |     562 |     977 |  63.5 |      18 |       9 |  33.3
        D:6 |     868 |     111 |  11.3 |      20 |       2 |   9.1
            +---------+---------+-------+---------+---------+-------
